 Dungeon Crawl Stone Soup version 0.30-a0-757-ga6a79fd877 (webtiles) character file.

Game seed: 8749854792463012088

10707 Aneyh the Warrior (level 11, 0/75 HPs)
             Began as a Tengu Monk on Feb 10, 2023.
             Was a High Priest of Hepliaklqana.
             Slain by an ettin
             ... wielding a +0 dire flail
              (16 damage)
             ... on level 11 of the Dungeon.
             The game lasted 00:25:12 (10037 turns).

Aneyh the Warrior (Tengu Monk)                     Turns: 10037, Time: 00:25:13

Health: 0/75       AC:  6    Str: 15    XL:     11   Next: 66%
Magic:  0/12       EV: 25    Int: 10    God:    Hepliaklqana [*****.]
Gold:   906        SH:  0    Dex: 18    Spells: 5/10 levels left

rFire   . . .      SeeInvis .    a - +0 halberd
rCold   . . .      Faith    .    (shield currently unavailable)
rNeg    . . .      Spirit   +    U - +0 troll leather armour
rPois   .          Reflect  .    (helmet restricted)
rElec   .          Harm     .    A - +0 cloak
rCorr   .          Rampage  .    J - +0 pair of gloves
Will    .....      Clarity  +    (boots unavailable)
Stlth   ++                       D - amulet of guardian spirit
HPRegen 1.12/turn                K - +5 ring of evasion
MPRegen 0.13/turn                H - +5 ring of evasion

@: flying quickly and evasively, quick
A: reduced essence, beak, talons 3, nimble flight, clarity
a: Renounce Religion, Recall Ancestor, Ancestor Identity, Transference, Idealise


You were on level 11 of the Dungeon.
You worshipped Hepliaklqana.
Hepliaklqana was extremely pleased with you.
You visited 1 branch of the dungeon, and saw 11 of its levels.

You collected 906 gold pieces.

Inventory:

Hand Weapons
 a - a +0 halberd (weapon)
 b - a +0 arbalest
 v - a +0 scimitar
 E - a +0 trident
 M - a +3 great sword
 R - a +0 war axe of flaming
 Y - a +3 great mace of holy wrath
Missiles
 x - 27 poisoned darts
 T - 4 javelins
Armour
 A - a +0 cloak (worn)
 J - a +0 pair of gloves (worn)
 U - a +0 troll leather armour (worn)
Jewellery
 y - an amulet of the acrobat
 D - an amulet of guardian spirit (around neck)
 G - a ring of protection from cold
 H - a +5 ring of evasion (right hand)
 K - a +5 ring of evasion (left hand)
 L - a ring of resist corrosion
Wands
 Q - a wand of polymorph (13)
 W - a wand of flame (7)
Scrolls
 d - 3 scrolls of brand weapon {unknown}
 e - a scroll of fog {unknown}
 i - a scroll of acquirement {unknown}
 j - a scroll of enchant weapon {unknown}
 m - 2 scrolls of immolation {unknown}
 q - 5 scrolls of identify
 r - a scroll of vulnerability {unknown}
 t - 2 scrolls of teleportation
 w - a scroll of noise {unknown}
 B - 3 scrolls of blinking {unknown}
 I - a scroll of butterflies {unknown}
 N - 3 scrolls of fear {unknown}
 V - a scroll of magic mapping {unknown}
Potions
 c - 2 potions of ambrosia
 f - 2 potions of magic {unknown}
 g - 2 potions of invisibility {unknown}
 h - 3 potions of heal wounds {unknown}
 k - 2 potions of haste
 l - 3 potions of cancellation {unknown}
 n - a potion of lignification {unknown}
 o - 2 potions of mutation
 p - 2 potions of attraction {unknown}
 s - a potion of flight {unknown}
 u - a potion of resistance {unknown}
 z - 3 potions of degeneration {unknown}
 C - 6 potions of curing {unknown}
 P - 2 potions of might {unknown}
 X - 2 potions of berserk rage {unknown}
Miscellaneous
 F - a condenser vane


   Skills:
 * Level 16.9 Fighting
 - Level 3.2 Polearms
 + Level 3.5 Dodging
 - Level 2.0 Stealth
 - Level 7.0 Summonings


You had 5 spell levels left.
You knew the following spells:

 Your Spells              Type           Power      Damage    Failure   Level
a - Summon Guardian Gole  Hex/Summ       7%         N/A       32%         3
b - Call Imp              Summ           14%        N/A       4%          2

Your spell library contained the following spells:

 Spells                   Type           Power      Damage    Failure   Level
 Magic Dart               Conj           0%         1d3       43%         1
 Necrotise                Necr           0%         1d4       43%         1
 Sandblast                Erth           0%         2d4       43%         1
 Cigotuvi's Dreadful Rot  Necr/Pois/Air  0%         N/A       56%         2
 Passwall                 Tmut/Erth      0%         N/A       56%         2
 Mephitic Cloud           Conj/Pois/Air  0%         N/A       80%         3
 Stone Arrow              Conj/Erth      0%         3d7       80%         3
 Vampiric Draining        Necr           0%         2d6       80%         3
 Dispel Undead            Necr           0%         3d6       99%         4
 Agony                    Necr           0%         N/A       100%        5
 Death Channel            Necr           0%         N/A       100%        6
 Orb of Destruction       Conj           0%         9d5       100%        7
 Spellforged Servitor     Conj/Summ      3%         N/A       100%        7


Dungeon Overview and Level Annotations

Branches:
Dungeon (11/15)            Temple (0/1) D:7            Lair (0/5) D:9
    Orc (0/2) D:10

Altars:
Cheibriados
Fedhas
Gozag
Hepliaklqana
Makhleb
Nemelex Xobeh
Okawaru
Qazlal
Sif Muna
Trog
Uskayaw
Wu Jian
Xom
The Shining One

Shops:
D:8 [

Portals:
Abyss: D:5

Annotations:
D:4 2 transporters
D:5 2 transporters, themarg's ghost, novice OpEE


Innate Abilities, Weirdness & Mutations

Your life essence is reduced to manifest your ancestor. (-10% HP)
You have a beak for a mouth.
You have claws for feet.
Your magical nature lets you fly swiftly and evasively.
You possess an exceptional clarity of mind.


Message History

The manticore is heavily wounded.
Nolwazi closely misses the manticore.
The manticore completely misses you. The manticore misses you.
The manticore closely misses you.
Nolwazi gestures at the manticore while chanting.
The stone arrow hits the manticore!
You hit the manticore. You peck the manticore.
The manticore is almost dead.
The manticore bites you! The manticore misses you. x2
Nolwazi casts a spell at the manticore.
The puff of frost hits the manticore!
The manticore dies!
You start resting.
You carefully extract the barbed spikes from your body.
You start resting.
HP restored.
You start resting.
Magic restored.
As you open the door, it creaks loudly!
Found a +5 ring of evasion.
There is an open door here.
K - a +5 ring of evasion You're wearing all the rings you can.
Remove which one? (? for menu, Esc to cancel) < or
G - a ring of protection from cold; > or
H - a +5 ring of evasion You remove your ring of protection from cold.
K - a +5 ring of evasion (left hand) As you open the door, it creaks loudly!
An ettin comes into view. It is wielding two +0 dire flails.
The ettin shouts in stereo!
There is an open door here.
You reach to attack!
You slash the ettin!
The ettin is lightly wounded.
You slash the ettin! You peck the ettin, but do no damage.
The ettin is lightly wounded.
The ettin misses you.
The ettin hits you with a +0 dire flail!!!
The ettin hits you with a +0 dire flail!!
* * * LOW HITPOINT WARNING * * *
The ettin hits you with a +0 dire flail!!
You die...

.............))......#...........
..............)......#...........
...............<...........##....
.........##.##.............#.....
.###+#...##.##....##...........(.
....................#####........
..............>..............##..
########################.....##..
............R@C...# #....#....
###.....#####....# #.(..#....
##...## #..## #......... #...#
..# #......... #...# ##
###....... ##'## #.[....) ##...##
###.)##... #+##.....##+#
#...†.#... ##..+..†..'..##
#...#+#...


You could see the friendly Nolwazi the battlemage and an ettin (ally target).

Vanquished Creatures
  A two-headed ogre (D:10)
  An elephant (D:9)
  A kobold demonologist (D:10)
  3 wraiths (D:10)
  A basilisk (D:9)
  A steam dragon (D:8)
  8 yaks
  2 acid dragons (D:11)
  4 orc warriors
  An ice beast (D:5)
  2 sky beasts
  A black bear (D:4)
  3 ogres
  A centaur (D:10)
  2 kobold brigands
  A bullfrog (D:6)
  5 scorpions
  3 wights
  4 orc priests
  A gnoll bouda (D:4)
  3 hounds
  A jelly (D:5)
  An iguana (D:6)
  5 orc wizards
  7 gnolls
  7 adders
  A shadow imp (D:7)
  A white imp (D:5)
  2 dart slugs
  40 orcs
  5 bats
  4 endoplasms
  A giant cockroach (D:4)
  6 goblins
  7 hobgoblins
  9 kobolds
  4 quokkas
  3 ball pythons
  2 frilled lizards
  6 rats
161 creatures vanquished.

Vanquished Creatures (collateral kills)
  Josephine (D:10)
  A manticore (D:11)
  Joseph (D:8)
  An unseen horror (D:6)
  2 trolls (D:9)
  Sigmund (D:7)
  A shadow (D:6)
  2 wraiths (D:10)
  5 yaks
  2 wyverns
  A steam dragon (D:9)
  A nameless horror (D:9)
  An orc warrior (D:10)
  2 ice beasts
  A black bear (D:9)
  A centaur (D:6)
  4 wights
  A howler monkey (D:9)
  2 gnoll boudas (D:8)
  4 orc priests
  2 hounds
  An iguana (D:6)
  5 orc wizards
  5 gnolls (D:8)
  14 orcs
  A hobgoblin (D:7)
  2 kobolds (D:11)
65 creatures vanquished.

Vanquished Creatures (others)
  A water moccasin (D:8)
  A wight (D:8)
  5 battlemagi
  6 plants (D:4)
13 creatures vanquished.

Grand Total: 239 creatures vanquished

Notes
Turn   | Place    | Note
-------+----------+-------------------------------------------
     0 | D:1      | Aneyh the Tengu Monk began the quest for the Orb.
     0 | D:1      | Reached XP level 1. HP: 14/14 MP: 2/2
   324 | D:1      | Reached XP level 2. HP: 19/19 MP: 3/3
  1079 | D:2      | Reached skill level 4 in Fighting
  1079 | D:2      | Reached XP level 3. HP: 22/24 MP: 4/4
  1453 | D:3      | Found a burning altar of Makhleb.
  1614 | D:3      | Reached XP level 4. HP: 25/30 MP: 5/5
  1622 | D:3      | Reached skill level 5 in Fighting
  1791 | D:3      | Gained mutation: Your magical nature lets you fly swiftly
                  | and evasively. [Tengu growth]
  1791 | D:3      | Reached XP level 5. HP: 33/35 MP: 6/6
  2031 | D:3      | Reached skill level 6 in Fighting
  2145 | D:3      | Found a shimmering blue altar of Sif Muna.
  2331 | D:4      | Reached XP level 6. HP: 25/42 MP: 7/7
  2572 | D:4      | Found a transporter.
  2707 | D:4      | Reached skill level 7 in Fighting
  2916 | D:4      | Reached XP level 7. HP: 46/48 MP: 6/8
  2922 | D:4      | Learned a level 3 spell: Summon Guardian Golem
  2968 | D:4      | Identified the +6 spear of Vooquj {venom, Fly rF- rCorr
                  | Int+7}
  2972 | D:4      | Found a transporter.
  3222 | D:5      | Entered Level 5 of the Dungeon
  3283 | D:5      | Reached skill level 8 in Fighting
  3410 | D:4      | Reached skill level 1 in Summonings
  3731 | D:5      | Found a stormy altar of Qazlal.
  3869 | D:5      | Reached skill level 9 in Fighting
  3917 | D:5      | Reached XP level 8. HP: 48/56 MP: 9/9
  4538 | D:5      | Found a transporter.
  4565 | D:5      | Found a one-way gate to the infinite horrors of the Abyss.
  4565 | D:5      | Noticed themarg's ghost (novice OpEE)
  4569 | D:5      | Found a transporter.
  4633 | D:5      | Found a hazy altar of Hepliaklqana.
  4792 | D:5      | Became a worshipper of Hepliaklqana the Forgotten
  4792 | D:5      | Reached * piety under Hepliaklqana
  4792 | D:5      | Reached ** piety under Hepliaklqana
  4793 | D:5      | Remembered your ancestor Nolwazi as a battlemage
  4893 | D:6      | Found a bloodstained altar of Trog.
  4915 | D:6      | Noticed a shadow
  4920 | D:6      | Killed a shadow
  4921 | D:6      | Reached skill level 10 in Fighting
  5202 | D:6      | Killed an unseen horror
  5203 | D:6      | Reached skill level 11 in Fighting
  5203 | D:6      | Reached XP level 9. HP: 39/57 MP: 6/10
  5628 | D:7      | Noticed Sigmund
  5636 | D:7      | Killed Sigmund
  5764 | D:7      | Reached skill level 12 in Fighting
  5837 | D:7      | Reached *** piety under Hepliaklqana
  6060 | D:7      | Found a staircase to the Ecumenical Temple.
  6138 | D:7      | Found an ornate altar of the Wu Jian Council.
  6371 | D:7      | Identified the +1 robe of a Labyrinth {rPois Dex+4}
  6811 | D:8      | Learned a level 2 spell: Call Imp
  6864 | D:8      | Noticed Joseph
  6872 | D:8      | Reached skill level 5 in Summonings
  6875 | D:8      | Killed Joseph
  6876 | D:8      | Reached skill level 13 in Fighting
  6876 | D:8      | Reached XP level 10. HP: 15/65 MP: 11/11
  7180 | D:8      | Gained mutation: You possess an exceptional clarity of
                  | mind. [potion of mutation]
  7309 | D:8      | Reached **** piety under Hepliaklqana
  7350 | D:8      | Found Mamefix's Armour Shoppe.
  7742 | D:8      | Found a snail-covered altar of Cheibriados.
  7840 | D:9      | Found a staircase to the Lair.
  7840 | D:9      | Noticed an elephant
  7846 | D:9      | Reached skill level 14 in Fighting
  7853 | D:9      | Killed an elephant
  8005 | D:9      | Found a shimmering altar of Xom.
  8324 | D:9      | Reached skill level 15 in Fighting
  8525 | D:9      | Found an opulent altar of Gozag.
  8648 | D:9      | Found a glowing golden altar of the Shining One.
  8907 | D:10     | Entered Level 10 of the Dungeon
  8907 | D:10     | Noticed a two-headed ogre
  8910 | D:10     | Killed a two-headed ogre
  8911 | D:10     | Reached XP level 11. HP: 73/73 MP: 8/12
  8978 | D:10     | Noticed Josephine
  8986 | D:10     | Killed Josephine
  8987 | D:10     | Reached skill level 16 in Fighting
  9068 | D:10     | Found a hide-covered altar of Uskayaw.
  9075 | D:10     | Found an iron altar of Okawaru.
  9093 | D:10     | Found a sparkling altar of Nemelex Xobeh.
  9259 | D:10     | Found a blossoming altar of Fedhas.
  9508 | D:10     | Found a staircase to the Orcish Mines.
  9851 | D:11     | Reached ***** piety under Hepliaklqana
  9977 | D:11     | Noticed a manticore
  9984 | D:11     | Killed a manticore
 10034 | D:11     | Noticed an ettin
 10037 | D:11     | Slain by an ettin

Illustrated notes

Levels and vault maps discovered:
D:1:      evilmike_arrival_crescent, layout_loops_ring
D:2:      layout_loops_cross
D:3:      layout_basic, mainiacjoe_overflow_alcove_1, lightli_temple_of_fire,
          kennysheep_orc_chapel
D:4:      layout_loops_ring, gammafunk_ghost_gnarly_gnolls,
          corexii_checkpoint_a, minmay_misc_feat_hallway, grunt_ministairs_2,
          minivault_1
D:5:      layout_gridville, mainiacjoe_overflow_surrounded_room,
          marbit_many_paths, gammafunk_ghost_abyssal_escape
D:6:      layout_basic, trog_book, minmay_small_thing
D:7:      wad_pebble_path, layout_loops_corners,
          mainiacjoe_overflow_small_starburst,
          minmay_temple_entry_statues_fountains, minmay_misc_feat_iff,
          minmay_statues_item, sigmund_army
D:8:      layout_cave_pools, lemuel_coloured_pillars_altar, serial_shops,
          nicolae_shop_trees, uniq_joseph
D:9:      layout_loops_ring, tso_oasis_becter, general_overflow_altar,
          old_standard_altar, david_lair_generic
D:10:     layout_rooms, mainiacjoe_overflow_six_doors_small,
          lemuel_crystal_altar, grunt_temple_overflow_open, david_orc_4,
          uniq_josephine
D:11:     minmay_box_of_curves, layout_basic

Skill      XL: |  1  2  3  4  5  6  7  8  9 10 11 |
---------------+----------------------------------+-----
Fighting       | 4 5 6 7 9 11 13 15 16 | 16.9
Summonings     | 2 3 5 6 7 |  7.0
Polearms       | |  3.2
Dodging        | |  3.5
Stealth        | |  2.0

Action                     |  1- 3 |  4- 6 |  7- 9 | 10-12 || total
---------------------------+-------+-------+-------+-------++-------
  Melee: Spear             |    66 |   116 |   125 |       ||   307
         Kick              |    18 |    38 |    62 |    74 ||   192
         Peck              |     8 |    25 |    41 |    50 ||   124
         Punch             |       |     1 |       |       ||     1
         Halberd           |       |       |    90 |   223 ||   313
   Fire: Arbalest          |       |       |       |     2 ||     2
  Throw: Throwing net      |       |       |     1 |       ||     1
         Dart              |       |       |     5 |       ||     5
   Cast: Summon Guardian G |       |       |     1 |    10 ||    11
 Invoke: Recall Ancestor   |       |       |     1 |     1 ||     2
         Ancestor Life: Ba |       |       |     1 |       ||     1
    Use: Potion            |       |       |     1 |     1 ||     2
         Scroll            |       |       |       |     1 ||     1
   Stab: Sleeping          |     9 |     4 |     5 |     3 ||    21
         Held in net/web   |       |       |     1 |       ||     1
         Distracted        |       |       |     2 |     5 ||     7
 Armour: Robe              |     4 |     7 |    12 |       ||    23
         Leather armour    |       |       |    12 |    12 ||    24
         Troll leather arm |       |       |       |    16 ||    16
  Dodge: Dodged            |    21 |    72 |   173 |   216 ||   482

Table legend: (Time is in decaauts)
 A = Elapsed time spent in this place.
 B = Non-inter-level travel time spent in this place.
 C = Inter-level travel time spent in this place.
 D = Time resting spent in this place.
 E = Time spent auto-exploring this place.
 F = Levels seen in this place.
 G = Mean time per level.
                   A        B        C        D        E       F      G
               +--------+--------+--------+--------+--------+-----+--------+
         Total |   9628 |   9246 |    382 |   1538 |   5933 |  11 |  875.3 |
       Dungeon |   9628 |   9246 |    382 |   1538 |   5933 |  11 |  875.3 |
               +--------+--------+--------+--------+--------+-----+--------+

Top non-repeatable levels by time:
     D:4: 1292 daAuts
     D:5: 1217 daAuts
     D:8: 1118 daAuts
     D:7: 1112 daAuts
     D:9: 957 daAuts
     D:3: 905 daAuts
     D:1: 770 daAuts
    D:10: 740 daAuts
     D:6: 639 daAuts
     D:2: 509 daAuts
    D:11: 365 daAuts
